 Dungeon Crawl Stone Soup version 0.29-a0-23-ga79f92ac9c (webtiles) character file.

Game seed: 17919854271867110350

11813 Ajdolov the Grappler (level 11, -10/109 HPs)
             Began as a Troll Monk on Jan 30, 2022.
             Killed by divine providence
             ... invoked by a meliai
              (17 damage)
             ... on level 10 of the Dungeon.
             The game lasted 00:21:52 (10217 turns).

Ajdolov the Grappler (Troll Monk)                  Turns: 10217, Time: 00:21:54

Health: -10/109    AC: 13    Str: 25    XL:     11   Next: 54%
Magic:  10/10      EV:  8    Int:  6    God:
Gold:   520        SH:  8    Dex: 12    Spells: 10/10 levels left

rFire   . . .      SeeInvis .     - Unarmed
rCold   . . .      Faith    .   C - +0 kite shield
rNeg    . . .      Spirit   .   h - +0 swamp dragon scales
rPois   +          Reflect  .   (helmet restricted)
rElec   .          Harm     .   (no cloak)
rCorr   .          Rampage  .   (gloves unavailable)
Will    .....                   (boots unavailable)
Stlth   +.........              (no amulet)
HPRegen 1.08/turn               E - +4 ring of slaying
MPRegen 0.12/turn               y - +4 ring of protection

@: hasted, very quick
A: large, unfitting armour, claws 3, regeneration 1, shaggy fur 1, tough skin 1,
subdued magic 1
a: no special abilities


You were on level 10 of the Dungeon.
You visited 2 branches of the dungeon, and saw 12 of its levels.

You collected 520 gold pieces.

Inventory:

Missiles
 g - 199 stones
 A - a curare-tipped dart
 D - 5 large rocks (quivered)
Armour
 h - +0 swamp dragon scales (worn)
 C - a +0 kite shield (worn)
Jewellery
 p - a +6 ring of dexterity
 y - a +4 ring of protection (right claw)
 E - a +4 ring of slaying (left claw)
Wands
 n - a wand of polymorph (19)
 o - a wand of iceblast (7)
 z - a wand of charming (9)
Scrolls
 a - a scroll of holy word {unknown}
 b - 4 scrolls of silence {unknown}
 c - 3 scrolls of immolation {unknown}
 j - 9 scrolls of identify {unknown}
 k - a scroll of enchant weapon {unknown}
 l - 4 scrolls of teleportation {unknown}
 r - a scroll of vulnerability {unknown}
 s - 2 scrolls of noise {unknown}
 u - a scroll of blinking {unknown}
 v - 4 scrolls of magic mapping {unknown}
Potions
 d - a potion of attraction {unknown}
 e - 3 potions of curing
 f - 4 potions of degeneration {unknown}
 i - a potion of resistance {unknown}
 m - a potion of brilliance {unknown}
 q - a potion of haste
 t - a potion of ambrosia
 w - a potion of mutation
 x - a potion of cancellation {unknown}
 B - 2 potions of might
 G - a potion of flight {unknown}
Miscellaneous
 F - a lightning rod (4/4)


   Skills:
 + Level 7.1 Fighting
 + Level 8.3 Throwing
 - Level 1.7 Armour
 - Level 2.4 Dodging
 - Level 1.0 Stealth
 + Level 3.4 Shields
 * Level 13.4 Unarmed Combat


You had 10 spell levels left.
You didn't know any spells.
Your spell library contained the following spells:

 Spells                   Type           Power      Damage    Failure   Level
 Animate Skeleton         Necr           0%         N/A       86%         1
 Blink                    Tloc           0%         N/A       94%         2
 Conjure Flame            Conj/Fire      0%         6-21      99%         3
 Ignite Poison            Fire/Tmut/Pois 0%         N/A       99%         3
 Inner Flame              Hex/Fire       0%         N/A       99%         3
 Lesser Beckoning         Tloc           0%         N/A       99%         3
 Cause Fear               Hex            0%         N/A       100%        4
 Sticky Flame             Conj/Fire      0%         2d3       100%        4
 Manifold Assault         Tloc           0%         N/A       100%        5
 Discord                  Hex            0%         N/A       100%        8


Dungeon Overview and Level Annotations

Branches:
Dungeon (11/15)            Temple (1/1) D:6            Lair (0/6) D:8
    Orc: D:9-12

Altars:
Ashenzari
Cheibriados
Dithmenos
Elyvilon
Fedhas
Gozag
Hepliaklqana
Kikubaaqudgha
Makhleb
Nemelex Xobeh
Okawaru
Qazlal
Ru
Sif Muna
Trog
Uskayaw
Vehumet
Wu Jian
Xom
Yredelemnul
Zin
The Shining One

Shops:
D:4 :

Annotations:
D:6 exclusion: centaur


Innate Abilities, Weirdness & Mutations

You are too large for most types of armour.
You have claws for hands.
Your natural rate of healing is unusually fast.
You are covered in fur. (AC +1)
You have tough skin. (AC +1)
Your spells are a little easier to cast, but a little less powerful.


Message History

The meliai hits you with a +0 war axe! You block the meliai's attack.
The meliai hits you with a +0 hand axe. The meliai barely misses you.
You closely miss the meliai.
The meliai is almost dead.
The meliai hits you but does no damage. The meliai stings you.
You block the meliai's attack. The meliai completely misses you.
The meliai hits you with a +0 war axe! The meliai stings you.
You miss the meliai.
The meliai is almost dead.
The meliai hits you but does no damage. The meliai stings you.
The meliai barely misses you.
The meliai stings you but does no damage.
You block the meliai's attack. x2
The meliai calls upon its god to heal the meliai.
The meliai is healed somewhat.
The meliai hits you with a +0 war axe. The meliai barely misses you.
The meliai hits you with a +0 hand axe! You block the meliai's attack.
The meliai hits you with a +0 war axe. You block the meliai's attack.
The meliai calls down the wrath of its god upon you.
Something smites you! The meliai hits you but does no damage.
The meliai closely misses you. The meliai hits you but does no damage.
The meliai stings you.
* * * LOW HITPOINT WARNING * * *
You feel yourself speed up. The meliai hits you with a +0 war axe!
* * * LOW HITPOINT WARNING * * *
The meliai stings you but does no damage.
The meliai calls upon its god to heal the meliai.
The meliai is healed somewhat.
The meliai hits you with a +0 war axe.
* * * LOW HITPOINT WARNING * * *
The meliai stings you.
* * * LOW HITPOINT WARNING * * *
You miss the meliai.
The meliai is moderately wounded.
The meliai invokes the aid of its god against you.
Something smites you!
* * * LOW HITPOINT WARNING * * *
Okay, then.
The meliai invokes the aid of its god against you.
Something smites you!
You die...

#.# #.# #..# ###'# #.#
#.# ##.#### #.... ###+##
#.#####...# #.... #....#
#.........# #.... #....#
#.###.#...### #....
#....# #.# #.#.....###
#.... #..[.#
###.###.#...#...# #....
#....###>..yy..#...###.##
#....
###....##$.#####@#...#
#..###....
..†....'..##.........#
##...'....
###....#####.........#
#####.... #....#
#######.### #.... ###'##
####.# ##... #.# #....#
####. #.# ###.##### #....
## #.# #.......# #.... .#
##+##### #.......#
####....


You could see 2 meliai.

Vanquished Creatures
  Josephine (D:10)
  A two-headed ogre (D:10)
  2 tengu warriors (D:10)
  Pikel (D:7)
  A cyclops (D:8)
  Maurice (D:9)
  Maggie (D:7)
  A kobold demonologist (D:10)
  2 trolls
  A hornet (D:9)
  A meliai (D:10)
  Grinder (D:4)
  6 wraiths (D:10)
  A wyvern (D:7)
  Grum (D:8)
  A steam dragon (D:5)
  4 water moccasins
  2 black bears
  An ice beast (D:7)
  6 orc warriors
  A sky beast (D:5)
  2 necrophages
  3 centaurs
  4 wolves (D:7)
  3 ogres
  A lemure (D:7)
  A gnoll sergeant (D:8)
  A kobold brigand (D:8)
  5 bullfrogs
  3 scorpions
  A water moccasin zombie (D:5)
  9 killer bees
  13 wights
  6 howler monkeys
  A centaur zombie (D:7)
  3 centaur skeletons
  4 hounds
  A gnoll shaman (D:6)
  11 orc priests
  A bullfrog skeleton (D:6)
  3 iguanas
  Ijyb (D:4)
  7 orc wizards
  A killer bee zombie (D:7)
  2 howler monkey zombies (D:8)
  A howler monkey skeleton (D:5)
  14 adders
  10 gnolls
  A shadow imp (D:7)
  An ufetubus (D:5)
  An adder skeleton (D:2)
  2 worms
  7 dart slugs
  22 orcs
  5 bats
  7 endoplasms
  6 giant cockroaches
  7 goblins
  8 hobgoblins
  6 jackals
  6 quokkas
  11 ball pythons
  A frilled lizard (D:2)
  15 kobolds
  2 rats (D:2)
  A bush (D:7)
258 creatures vanquished.

Vanquished Creatures (others)
  33 fungi (D:8)
  38 plants (D:8)
71 creatures vanquished.

Grand Total: 329 creatures vanquished

Notes
Turn   | Place    | Note
-------+----------+-------------------------------------------
     0 | D:1      | Ajdolov the Troll Monk began the quest for the Orb.
     0 | D:1      | Reached XP level 1. HP: 22/22 MP: 0/0
   225 | D:1      | Reached XP level 2. HP: 25/29 MP: 1/1
   730 | D:1      | Reached skill level 4 in Unarmed Combat
  1404 | D:2      | Reached XP level 3. HP: 28/36 MP: 2/2
  1478 | D:2      | Reached skill level 1 in Throwing
  1758 | D:2      | Reached XP level 4. HP: 44/44 MP: 3/3
  2380 | D:3      | Reached skill level 5 in Unarmed Combat
  2478 | D:3      | Found a bloodstained altar of Trog.
  2543 | D:3      | Reached XP level 5. HP: 37/50 MP: 4/4
  2798 | D:3      | Found a faded altar of an unknown god.
  3280 | D:4      | Found Yteyrph's Book Shoppe.
  3333 | D:4      | Noticed an ogre
  3391 | D:4      | Killed an ogre
  3392 | D:4      | Reached skill level 6 in Unarmed Combat
  3392 | D:4      | Reached XP level 6. HP: 26/59 MP: 5/5
  3471 | D:4      | Noticed Ijyb
  3484 | D:4      | Killed Ijyb
  3518 | D:4      | Noticed Grinder
  3534 | D:4      | Paralysed by Grinder for 5 turns
  3546 | D:4      | Paralysed by Grinder for 5 turns
  3557 | D:4      | Killed Grinder
  3558 | D:4      | Reached skill level 7 in Unarmed Combat
  3558 | D:4      | Reached XP level 7. HP: 19/66 MP: 6/6
  4060 | D:5      | Entered Level 5 of the Dungeon
  4170 | D:5      | Reached skill level 8 in Unarmed Combat
  4182 | D:5      | Reached XP level 8. HP: 52/75 MP: 7/7
  4303 | D:5      | Gained mutation: You have sharp toenails. [potion of
                  | mutation]
  4303 | D:5      | Gained mutation: You sometimes lose the ability to read
                  | scrolls when taking damage. [potion of mutation]
  4305 | D:5      | HP: 3/75 [orc warrior (17)]
  4332 | D:5      | Lost mutation: You sometimes lose the ability to read
                  | scrolls when taking damage. [potion of mutation]
  4332 | D:5      | Lost mutation: You have sharp toenails. [potion of
                  | mutation]
  4332 | D:5      | Gained mutation: Your spells are a little easier to cast,
                  | but a little less powerful. [potion of mutation]
  4343 | D:5      | Found a white marble altar of Elyvilon.
  4348 | D:5      | Found an opulent altar of Gozag.
  4434 | D:5      | Reached skill level 9 in Unarmed Combat
  4448 | D:5      | Reached skill level 5 in Throwing
  4892 | D:5      | Found a hide-covered altar of Uskayaw.
  4996 | D:5      | Reached XP level 9. HP: 84/84 MP: 8/8
  5131 | D:5      | Found a sparkling altar of Nemelex Xobeh.
  5546 | D:6      | Reached skill level 10 in Unarmed Combat
  5594 | D:6      | Found a staircase to the Ecumenical Temple.
  5599 | Temple   | Entered the Ecumenical Temple
  5691 | D:6      | Found a blossoming altar of Fedhas.
  6140 | D:6      | Found an ancient bone altar of Kikubaaqudgha.
  6151 | D:6      | Found a shimmering blue altar of Sif Muna.
  6153 | D:6      | Found a radiant altar of Vehumet.
  6157 | D:6      | Got Kikubaaqudgha's Grimoire of Dark Arts
  6510 | D:7      | Found a broken altar of Ashenzari.
  6510 | D:7      | Noticed Pikel
  6576 | D:7      | Found an iron altar of Okawaru.
  6657 | D:7      | Reached skill level 5 in Fighting
  6854 | D:7      | Killed Pikel
  6855 | D:7      | Reached skill level 11 in Unarmed Combat
  7170 | D:8      | Noticed Maggie
  7223 | D:7      | Killed Maggie
  7224 | D:7      | Reached XP level 10. HP: 58/91 MP: 9/9
  7425 | D:8      | Found a basalt altar of Yredelemnul.
  7596 | D:8      | Reached skill level 1 in Armour
  7608 | D:8      | Noticed Grum
  7704 | D:8      | Killed Grum
  7705 | D:8      | Reached skill level 12 in Unarmed Combat
  7884 | D:8      | Noticed a cyclops
  7901 | D:8      | Killed a cyclops
  7902 | D:8      | Reached skill level 1 in Shields
  7931 | D:8      | Found a staircase to the Lair.
  8881 | D:9      | Noticed Maurice
  9106 | D:9      | Killed Maurice
  9367 | D:10     | Entered Level 10 of the Dungeon
  9377 | D:10     | Noticed a two-headed ogre
  9381 | D:10     | Killed a two-headed ogre
  9382 | D:10     | Reached XP level 11. HP: 107/107 MP: 10/10
  9521 | D:10     | Noticed Josephine
  9527 | D:10     | Killed Josephine
  9528 | D:10     | Reached skill level 13 in Unarmed Combat
  9665 | D:10     | Found a glowing golden altar of the Shining One.
  9677 | D:10     | Noticed a tengu warrior
  9677 | D:10     | Noticed a tengu warrior
  9691 | D:10     | Killed a tengu warrior
  9704 | D:10     | Killed a tengu warrior
 10217 | D:10     | Killed from afar by a meliai

Illustrated notes

Levels and vault maps discovered:
D:1:      lightli_iron_boxes, layout_basic
D:2:      layout_loops_corners, nicolae_concentric_dashed_squares_wild
D:3:      layout_basic, old_standard_altar,
          chequers_ecumenical_altar_simple_redux, minmay_snake_closets
D:4:      layout_basic, serial_shops, nicolae_stop_n_shop_2, uniq_grinder,
          uniq_ijyb
D:5:      layout_loops_ring, nicolae_overflow_crystal_walls,
          nemelex_diamond_rough_becter, amethyst_overflow_temple_binary,
          kennysheep_pointless_box, st_stairs_11,
          hangedman_abyss_or_decor_stagger, kennysheep_diamond
D:6:      nicolae_cairo_tiling, layout_basic,
          grunt_temple_overflow_magic_moments, fedhas_bush_and_centaur_altar,
          minmay_temple_entry_glassed_door
D:7:      layout_loops_ring, ashenzari_altar_1, okawaru_gym_becter,
          minmay_hedge_maze, nicolae_underground_beach, uniq_pikel
D:8:      layout_rooms, mainiacjoe_overflow_chevrons,
          due_lair_maze_entry_diamond, serial_corexii_hall,
          corexii_hall_statues_u, corexii_hall_statues_l,
          corexii_hall_statues_l, chequers_hall_statues_wall_a, uniq_grum,
          uniq_maggie
D:9:      layout_grid_maze, uniq_maurice
D:10:     layout_roguey, tso_oasis_becter, minmay_misc_feat_encased,
          kennysheep_generic_room_12, uniq_josephine
D:11:     layout_cave_pools, orc_0_dummy, statue_in_the_mist_lemuel
Temple:   dpeg_three_leaves_temple

Skill      XL: |  1  2  3  4  5  6  7  8  9 10 11 |
---------------+----------------------------------+-----
Unarmed Combat | 4 5 6 7 8 9 11 12 13 | 13.4
Throwing       | 1 2 3 4 5 6 7 8 |  8.3
Fighting       | 3 4 5 6 7 |  7.1
Armour         | 1 |  1.7
Shields        | 2 3 |  3.4
Dodging        | |  2.4
Stealth        | |  1.0

Action                   |  1- 3 |  4- 6 |  7- 9 | 10-12 || total
-------------------------+-------+-------+-------+-------++-------
Melee: Unarmed           |    92 |   125 |   306 |   263 ||   786
       Punch             |       |     8 |    23 |     6 ||    37
       Kick              |       |       |     2 |       ||     2
Throw: Stone             |       |     7 |     3 |       ||    10
       Large rock        |       |       |       |     8 ||     8
  Use: Potion            |       |       |    12 |     1 ||    13
 Stab: Sleeping          |     1 |    10 |     5 |       ||    16
Armor: Robe              |    32 |    11 |    27 |       ||    70
       Steam dragon scal |       |       |    59 |       ||    59
       Swamp dragon scal |       |       |       |   129 ||   129
Dodge: Dodged            |    33 |    47 |   128 |   114 ||   322
Block: Kite shield       |       |       |       |    55 ||    55

Table legend: (Time is in decaauts)
 A = Elapsed time spent in this place.
 B = Non-inter-level travel time spent in this place.
 C = Inter-level travel time spent in this place.
 D = Time resting spent in this place.
 E = Time spent auto-exploring this place.
 F = Levels seen in this place.
 G = Mean time per level.
                   A        B        C        D        E       F      G
               +--------+--------+--------+--------+--------+-----+--------+
         Total |  10125 |   9771 |    354 |    581 |   7050 |  12 |  843.8 |
       Dungeon |  10044 |   9704 |    340 |    581 |   6992 |  11 |  913.1 |
        Temple |     80 |     66 |     14 |      0 |     58 |   1 |   80.0 |
               +--------+--------+--------+--------+--------+-----+--------+

Top non-repeatable levels by time:
     D:5: 1359 daAuts
     D:1: 1342 daAuts
     D:9: 1170 daAuts
     D:3: 1004 daAuts
     D:7: 940 daAuts
     D:2: 918 daAuts
     D:6: 847 daAuts
    D:10: 841 daAuts
     D:8: 835 daAuts
     D:4: 770 daAuts
  Temple: 80 daAuts
    D:11: 15 daAuts
